 Dungeon Crawl Stone Soup version 0.31-a0-174-g85c54bcb58 (webtiles) character file.

Game seed: 9119491937131446594

326574 qw the Slayer (level 21, -3/156 HPs)
             Began as a Gargoyle Hunter on June 15, 2023.
             Was a High Priest of Okawaru.
             Slain by a spriggan defender
             ... wielding a +2 spectral lajatang
             ... led by the Enchantress
              (5 damage)
             ... on level 2 of the Depths.
             The game lasted 00:25:35 (35460 turns).

qw the Slayer (Gargoyle Hunter)                    Turns: 35460, Time: 00:25:35

Health: -3/156     AC: 42    Str: 20    XL:     21   Next: 65%
Magic:  24/28      EV: 35    Int: 18    God:    Okawaru [*****.]
Gold:   2142       SH:  0    Dex: 26    Spells: 20/20 levels left

rFire   + . .        B - +1 longbow of Idoa {drain, rPois Will+}
rCold   + . .        (shield currently unavailable)
rNeg    + . .        m - +4 ring mail "Pamusuudd" {Regen+}
rPois   inf          k - +2 helmet
rElec   +            w - scarf of Okyxtok {rC+ rF+, Int+7}
rCorr   .            h - +2 pair of gloves
SInv    .            y - +3 pair of seven-league boots {Rampage+∞}
Will    +....        v - amulet of faith
Stlth   +++          f - +6 ring of dexterity
HPRegen 1.26/turn    o - +5 ring of evasion
MPRegen 0.21/turn

%: rampage+inf, faith
@: about to teleport, weak-willed, heroic, finesse-ful, flying
A: sickness immunity, AC +16, big wings, negative energy resistance 1,
electricity resistance, torment resistance 1, petrification resistance, talons
1, strong-willed 1, strong 1
}: 2/15 runes: serpentine, barnacled
a: Renounce Religion, Heroism, Finesse, Duel


You were on level 2 of the Depths.
You worshipped Okawaru.
Okawaru was extremely pleased with you.
You visited 8 branches of the dungeon, and saw 37 of its levels.

You collected 3737 gold pieces.
You spent 1595 gold pieces at shops.


Innate Abilities, Weirdness & Mutations

You are immune to sickness and miasma.
Your stone body is resilient. (AC +16)
You are immune to poison.
Your large and strong wings let you fly.
You resist negative energy. (rN+)
You are resistant to electric shocks. (rElec)
You are resistant to unholy torment.
You are immune to petrification.
You have sharp toenails.
You are strong-willed. (Will+)
Your muscles are strong. (Str +4, Int/Dex -1)


   Skills:
 + Level 24.4(27) Fighting
 - Level 20.0(25.0) Ranged Weapons
 - Level 15.0(20.0) Armour
 - Level 16.0(21.0) Dodging
 - Level 1.1(6.1) Stealth
 - Level 10.0 Invocations


You had 20 spell levels left.
You didn't know any spells.
Your spell library was empty.

Inventory:

Hand Weapons
 B - the +1 longbow of Idoa (weapon) {drain, rPois Will+}
   (Okawaru gifted it to you on level 15 of the Dungeon)

   rPois:     It protects you from poison.
   Will:      It increases your willpower.
 D - a +2 longbow of flaming
Armour
 d - a +0 cloak
 h - a +2 pair of gloves (worn)
 k - a +2 helmet (worn)
 m - the +4 ring mail "Pamusuudd" (worn) {Regen+}
   (You found it on level 2 of the Dungeon)

   Regen:     It increases your rate of health regeneration.
 q - +0 acid dragon scales
 w - the scarf of Okyxtok (worn) {rC+ rF+, Int+7}
   (Okawaru gifted it to you on level 2 of the Lair of Beasts)

   Int:       It affects your intelligence (+7).
 y - the +3 pair of seven-league boots (worn) {Rampage+∞}
   (You found it on level 2 of the Lair of Beasts)

   Rampage+∞: When moving toward enemies, its wearer moves as far as possible,
   alerting their target en route.
 C - a +2 robe of resistance
Jewellery
 b - a ring of resist corrosion
 f - a +6 ring of dexterity (left hand)
 o - a +5 ring of evasion (right hand)
 s - a ring of resist corrosion
 v - an amulet of faith (around neck)
 z - the ring of Jyff {rC+ Str+2 Int+2}
   (You took it off a naga on level 4 of the Snake Pit)

   [ring of protection from cold]

   Str:       It affects your strength (+2).
   Int:       It affects your intelligence (+2).
   rC:        It protects you from cold.
 A - the amulet "Pysyonnu" {Regen+ rCorr Str+2}
   (You found it on level 4 of the Lair of Beasts)

   [amulet of regeneration]

   Str:       It affects your strength (+2).
   Regen:     It increases your rate of health regeneration.
   rCorr:     It protects you from acid and corrosion.
 F - a ring of protection from fire
Wands
 u - a wand of digging (27)
Scrolls
 n - 17 scrolls of identify
 E - 6 scrolls of enchant armour
Potions
 a - 2 potions of resistance
 c - a potion of magic
 e - 6 potions of lignification
 g - 4 potions of might
 j - 6 potions of curing
 p - a potion of cancellation
 r - 5 potions of mutation
 x - 2 potions of attraction
 G - a potion of haste

Dungeon Overview and Level Annotations

Branches:
Dungeon (15/15)            Temple (1/1) D:6            Lair (5/5) D:11
 Shoals (4/4) Lair:2        Snake (4/4) Lair:2        Slime (0/5) Lair:4
    Orc (2/2) D:9             Elf (0/3) Orc:2        Vaults (4/5) D:14
  Crypt (0/3) Vaults:2     Depths (2/4) D:15

Altars:
Ashenzari
Cheibriados
Dithmenos
Elyvilon
Fedhas
Gozag
Hepliaklqana
Kikubaaqudgha
Makhleb
Nemelex Xobeh
Okawaru
Qazlal
Ru
Sif Muna
Trog
Uskayaw
Vehumet
Wu Jian
Xom
Yredelemnul
Zin
The Shining One

Shops:
D:2 (*   D:9 [   Orc:2 [?(?   Shoals:1 [   Shoals:2 (   Shoals:3 *   Vaults:4 :

Portals:
Hell: Depths:1 Depths:2
Abyss: Lair:2
Pandemonium: Depths:1

Annotations:
D:15 1 runed translucent door
Lair:1 exclusion: oklob plant
Lair:2 2 transporters, qw's ghost, journeyman NaHu
Lair:3 3 runed translucent doors, qw's ghost, journeyman MiHu
Shoals:1 2 transporters, qw's ghost, adept NaHu
Shoals:2 1 runed translucent door
Orc:2 1 runed translucent door, qw's ghost, adept GrFi
Depths:2 the Enchantress


Message History

The arrow misses you.
The arrow closely misses the spriggan.
The spriggan defender misses you.
The spriggan air mage waves its arms in wide circles.
The air twists around and strikes you.
You shoot an arrow.
The Enchantress blocks the arrow with her +1 buckler of reflection... and reflects it back!
The arrow hits you!!
The spriggan berserker completely misses you.
The spriggan air mage waves its arms in wide circles.
The air twists around and strikes you. The Enchantress barely misses you.
35457 ||| READING scroll of teleportation.
As you read the scroll of teleportation, it crumbles to dust.
You feel strangely unstable. The spriggan defender misses you.
The spriggan defender closely misses you.
The spriggan air mage waves its arms in wide circles.
The air twists around and strikes you. The Enchantress completely misses you.
The spriggan berserker misses you.
You shoot an arrow. The arrow misses the Enchantress.
The spriggan defender blocks the arrow.
The spriggan misses you.
The spriggan defender hits you with a +2 spectral lajatang!!
The spriggan defender hits you with a +4 rapier of speed!
You shoot an arrow.
The Enchantress blocks the arrow with her +1 buckler of reflection... and reflects it back!
The arrow misses you.
The arrow hits the deep troll earth mage!!
You drain the deep troll earth mage.
The deep troll earth mage is severely wounded.
The spriggan defender hits you but does no damage.
The deep troll earth mage misses you. x2
The deep troll earth mage claws you but does no damage.
You shoot an arrow.
The arrow hits the deep troll earth mage!!
You kill the deep troll earth mage!
Okawaru accepts your kill.
A freezing mist starts to gather...
A deep troll earth mage simulacrum comes into view.
The spriggan defender hits you with a +2 spectral lajatang.
You die...

...............
...........~..##
....$......~~...
...........~...#
...........~..#
.....iTiT....#
.....Tiii...#
....Tii@.i#
......##i.#
##........Z###
........###..#
\....##)###.##
.............##
.......~......#####
.....)<~~).....#..##
.......~~..........#


You could see the Enchantress (soul bound, repels missiles, reflecting), 3
spriggan defenders, 3 deep trolls, a spriggan berserker (soul bound,
regenerating, strong-willed), 3 spriggan air magi, a deep troll earth mage (soul
bound), a spriggan (soul bound, drained) and a deep troll earth mage simulacrum.

Vanquished Creatures
  Mara (Snake:4)
  Boris (twice) (Vaults:2 Vaults:4)
  Vashnia (Snake:4)
  A bone dragon (Vaults:2)
  Rupert (Lair:5)
  Zenata (Vaults:4)
  A lich (Vaults:2)
  4 sphinxes
  A kraken (Shoals:2)
  A titan (Shoals:4)
  Kirke (Shoals:2)
  7 vault wardens
  12 nagarajas (Snake:4)
  3 fire giants (Depths:1)
  3 frost giants
  A balrug (Depths:1)
  2 formless jellyfish
  3 war gargoyles
  12 ironbound preservers
  3 very ugly things
  3 stone giants
  2 caustic shrike skeletons (Depths:1)
  A vampire knight (Depths:1)
  8 ironbound thunderhulks
  Nessos (Lair:5)
  A deep elf annihilator (Vaults:2)
  15 dire elephants
  Azrael (Orc:2)
  2 jiangshi (Depths:1)
  A crystal guardian (Vaults:4)
  A deep elf death mage (Vaults:2)
  9 merfolk javelineers
  2 fire dragons
  7 yaktaur captains
  13 merfolk impalers
  3 great orbs of eyes
  2 ettins (Depths:1)
  An entropy weaver (Vaults:1)
  3 vault guards
  Fannar (D:11)
  3 salamander tyrants (Snake:4)
  4 rakshasas
  An ice dragon (Depths:1)
  7 anacondas
  3 hydras
  3 peacekeepers
  5 catoblepae (Lair:5)
  8 boulder beetles
  12 centaur warriors
  10 ironbound frosthearts
  A merfolk avatar (Shoals:4)
  2 alligator snapping turtles (Shoals:4)
  2 ogre magi
  A spriggan air mage (Depths:1)
  14 death yaks
  6 merfolk aquamancers
  7 two-headed ogres
  5 tengu warriors
  A vampire mage (Depths:2)
  6 deep troll earth magi
  A deep troll shaman (Depths:1)
  3 orc high priests (Orc:2)
  14 naga warriors
  A spriggan berserker (Depths:2)
  5 hell knights (Depths:1)
  25 naga sharpshooters
  3 shock serpents
  A sun demon (Depths:1)
  2 salamander mystics (Snake:4)
  3 iron trolls
  A fire crab (shapeshifter) (D:15)
  5 skysharks
  Amaemon (Lair:2)
  7 sea snakes
  10 skeletal warriors
  36 deep trolls
  A glowing orange brain (Vaults:3)
  6 naga ritualists
  19 lindwurms
  2 deep elf pyromancers
  4 orc knights (Orc:2)
  2 tengu zombies (Depths:2)
  17 harpies
  8 ironbound convokers
  9 wizards
  An iron dragon zombie (Depths:1)
  10 cyclopes
  6 necromancers
  8 mana vipers
  11 manticores
  5 orc sorcerers
  A faun (Shoals:2)
  A wolf spider (D:15)
  A tengu skeleton (Depths:2)
  A fire giant zombie (Vaults:3)
  23 ugly things
  7 salamanders
  A salamander (shapeshifter) (D:15)
  13 elephants
  6 guardian serpents
  A fire giant skeleton (Vaults:3)
  32 black mambas
  10 merfolk sirens
  A smoke demon (Depths:1)
  16 cane toads
  15 vault sentinels
  16 naga magi
  An orange demon (Lair:2)
  2 stone giant skeletons
  A gargoyle (D:13)
  8 water nymphs
  A yaktaur (shapeshifter) (D:14)
  13 yaktaurs
  2 kobold demonologists (D:10)
  A komodo dragon (shapeshifter) (D:15)
  4 rime drakes
  2 ice devils (Lair:4)
  2 efreet
  4 komodo dragons
  3 polar bears
  A queen bee (Lair:4)
  13 wind drakes
  22 merfolk
  5 trolls
  A tarantella (Vaults:1)
  3 meliai (Lair:4)
  4 blink frogs
  10 dream sheep
  33 slime creatures
  An iron dragon simulacrum (Depths:1)
  6 snapping turtles
  A vampire (D:12)
  3 air elementals (Shoals:4)
  7 wyverns
  28 yaks
  20 water elementals
  4 shadows
  10 humans (D:14)
  A wraith (D:12)
  3 ettin skeletons
  3 fire bats (Lair:1)
  3 fire elementals
  3 hogs (Shoals:2)
  4 basilisks
  A redback (Vaults:1)
  A redback (shapeshifter) (Depths:1)
  2 steam dragons
  14 vampire mosquitoes
  Menkaure (D:4)
  3 acid dragons
  3 wargs
  40 nagas
  3 hell hounds
  10 water moccasins
  21 orc warriors
  2 ice beasts
  A black bear (D:7)
  A human zombie (Vaults:3)
  4 boggarts
  13 ogres
  3 centaurs
  A tengu (D:10)
  27 wolves
  2 phantoms (D:5)
  Blork the orc (D:4)
  10 bullfrogs
  A glowing shapeshifter simulacrum (Depths:2)
  3 gnoll sergeants
  3 scorpions
  9 wights
  27 killer bees
  An electric eel (Snake:2)
  5 howler monkeys
  A hound (D:5)
  A gnoll bouda (D:7)
  15 orc priests
  3 jellies
  Ijyb (D:3)
  5 iguanas
  20 orc wizards
  9 adders
  20 gnolls
  A river rat (D:11)
  A shadow imp (D:6)
  A white imp (D:7)
  3 worms
  3 dart slugs
  86 orcs
  5 bats
  4 endoplasms
  10 goblins
  6 hobgoblins
  4 jackals (D:5)
  8 kobolds
  6 quokkas
  7 ball pythons
  3 frilled lizards
  7 rats
  A butterfly (Lair:5)
  A spectral weapon (Depths:2)
  A tentacle (Shoals:2)
1290 creatures vanquished.

Vanquished Creatures (others)
  A naga sharpshooter (Snake:4)
  A salamander (Snake:4)
  A manticore (Lair:2)
  A slime creature (D:15)
  A naga (Snake:4)
  A wolf (Lair:2)
  An orc (Orc:1)
  5 tentacles (Shoals:2)
12 creatures vanquished.

Grand Total: 1302 creatures vanquished

Notes
Turn   | Place    | Note
-------+----------+-------------------------------------------
     0 | D:1      | qw the Gargoyle Hunter began the quest for the Orb.
     0 | D:1      | Reached XP level 1. HP: 12/12 MP: 1/1
     0 | D:1      | 0 ||| qw: Version: 0.2-a-29-g511e9b1
     0 | D:1      | 0 ||| qw: Game counter: 5352
     0 | D:1      | 0 ||| qw: Always use a shield: true
     0 | D:1      | 0 ||| qw: God list: Okawaru
     0 | D:1      | 0 ||| qw: Allow faded altars: false
     0 | D:1      | 0 ||| qw: Do Orc after D:15 true
     0 | D:1      | 0 ||| qw: Do second Lair branch before Depths: true
     0 | D:1      | 0 ||| qw: Lair rune preference: random
     0 | D:1      | 0 ||| qw: Plans: Normal, Zot:1-4, Slime:5, God:TSO, Crypt,
                  | Tomb, Abyss, Pan, Hells, Win
     0 | D:1      | 0 ||| PLANNING D:1-11
   146 | D:1      | Reached XP level 2. HP: 17/17 MP: 2/2
   626 | D:1      | 626 ||| UPGRADING to +0 pair of gloves.
   631 | D:1      | 631 ||| READING scroll labelled UMIOQ VAMPOETZ.
   632 | D:1      | 632 ||| READING scroll labelled KUJIMP FAEDIR.
   633 | D:1      | 633 ||| DRINKING 2 smoky amethyst potions.
   738 | D:1      | 738 ||| DRINKING 2 inky potions.
   739 | D:1      | 739 ||| DROPPING scroll of butterflies.
   740 | D:1      | 740 ||| DROPPING potion of berserk rage.
   741 | D:1      | 741 ||| DROPPING potion of enlightenment.
   806 | D:2      | Reached XP level 3. HP: 21/21 MP: 3/3
   891 | D:2      | Found Maesosam's Weapon Emporium.
  1029 | D:2      | Identified the +4 ring mail "Pamusuudd" {Regen+}
  1077 | D:2      | Found Sacwydgh's General Store.
  1085 | D:2      | 1085 ||| SHOPLISTING potion of cancellation (104 gold, have
                  | 100).
  1085 | D:2      | 1085 ||| BUYING potion of heal wounds (65 gold).
  1085 | D:2      | Bought a potion of heal wounds for 65 gold pieces
  1085 | D:2      | 1085 ||| BUYING scroll of identify (26 gold).
  1085 | D:2      | Bought a scroll of identify for 26 gold pieces
  1372 | D:2      | 1372 ||| UPGRADING to +0 ring mail.
  1382 | D:2      | 1382 ||| DROPPING +0 leather armour.
  1383 | D:2      | 1383 ||| UPGRADING to +0 cloak.
  1388 | D:2      | 1388 ||| UPGRADING to +4 ring mail "Pamusuudd" {Regen+}.
  1398 | D:2      | 1398 ||| DROPPING +0 ring mail.
  1399 | D:2      | 1399 ||| UPGRADING to ring of see invisible.
  1400 | D:2      | 1400 ||| UPGRADING to ring of resist corrosion.
  1401 | D:2      | 1401 ||| READING 3 scrolls labelled YSOIXI QEONN.
  1402 | D:2      | 1402 ||| READING 2 scrolls of enchant armour.
  1402 | D:2      | 1402 ||| ENCHANTING +0 pair of gloves.
  1403 | D:2      | 1403 ||| READING scroll of enchant armour.
  1403 | D:2      | 1403 ||| ENCHANTING +1 pair of gloves.
  1404 | D:2      | 1404 ||| READING scroll labelled POVOAPR ECOAL.
  1405 | D:2      | 1405 ||| READING 3 scrolls of identify.
  1405 | D:2      | 1405 ||| IDENTIFYING dark potion
  1406 | D:2      | 1406 ||| READING 2 scrolls of identify.
  1406 | D:2      | 1406 ||| IDENTIFYING smoky orange potion
  1407 | D:2      | 1407 ||| DROPPING potion of ambrosia.
  1418 | D:3      | 1418 ||| PLANNING SEWER
  1503 | D:3      | Reached XP level 4. HP: 27/27 MP: 4/4
  1511 | D:3      | Reached skill level 3 in Fighting
  1704 | D:3      | Reached XP level 5. HP: 32/32 MP: 5/5
  1820 | D:3      | Noticed Ijyb
  1822 | D:3      | 1822 ||| DRINKING potion of curing.
  1822 | D:3      | 1822 ||| (to cure confusion)
  1861 | D:3      | Killed Ijyb
  1898 | D:3      | Found a glowing drain.
  1899 | D:3      | 1899 ||| UPGRADING to +6 ring of dexterity.
  1901 | D:3      | 1901 ||| UPGRADING to ring of see invisible.
  1903 | D:3      | 1903 ||| READING 3 scrolls labelled DOKIAL RYXIHYEV.
  1907 | D:3      | 1907 ||| READING scroll labelled VAWUZARGH POSTRA.
  2056 | D:3      | 2056 ||| RIP SEWER
  2080 | D:3      | 2080 ||| PLANNING D:1-11
  2265 | D:4      | Found a hide-covered altar of Uskayaw.
  2270 | D:4      | Found a glowing golden altar of the Shining One.
  2271 | D:4      | Noticed an ogre
  2278 | D:4      | Reached skill level 6 in Ranged Weapons
  2282 | D:4      | Killed an ogre
  2283 | D:4      | Reached skill level 4 in Fighting
  2283 | D:4      | Reached XP level 6. HP: 27/38 MP: 6/6
  2370 | D:4      | Found an ancient bone altar of Kikubaaqudgha.
  2373 | D:4      | Found a blossoming altar of Fedhas.
  2398 | D:4      | Reached XP level 7. HP: 43/43 MP: 7/7
  2441 | D:4      | 2441 ||| UPGRADING to +0 orcbow.
  2442 | D:4      | 2442 ||| DROPPING +0 heavy shortbow.
  2443 | D:4      | 2443 ||| READING scroll of brand weapon.
  2443 | D:4      | 2443 ||| BRANDING +0 orcbow.
  2491 | D:4      | Noticed Blork the orc
  2495 | D:4      | Killed Blork the orc
  2496 | D:4      | Noticed Menkaure
  2503 | D:4      | Killed Menkaure
  2573 | D:4      | Found a bloodstained altar of Trog.
  2574 | D:4      | Found a snail-covered altar of Cheibriados.
  2575 | D:4      | Found a sparkling altar of Nemelex Xobeh.
  2575 | D:4      | Found a white marble altar of Elyvilon.
  2576 | D:4      | Found a sacrificial altar of Ru.
  2577 | D:4      | Found a radiant altar of Vehumet.
  2577 | D:4      | Found a shimmering altar of Xom.
  2578 | D:4      | Found a shimmering blue altar of Sif Muna.
  2700 | D:4      | 2700 ||| UPGRADING to +5 ring of evasion.
  2702 | D:4      | 2702 ||| DROPPING ring of see invisible.
  2703 | D:4      | 2703 ||| READING scroll labelled ZOOKLU ONUXUOS.
  2727 | D:5      | Entered Level 5 of the Dungeon
  2798 | D:5      | Reached XP level 8. HP: 44/48 MP: 8/8
  2816 | D:5      | Reached skill level 5 in Fighting
  3276 | D:5      | 3276 ||| UPGRADING to +0 helmet.
  3281 | D:5      | 3281 ||| READING scroll labelled ZUXAVA XAHODI.
  3282 | D:5      | 3282 ||| READING 3 scrolls of identify.
  3282 | D:5      | 3282 ||| IDENTIFYING sedimented puce potion
  3283 | D:5      | 3283 ||| READING 2 scrolls of identify.
  3283 | D:5      | 3283 ||| IDENTIFYING red potion
  3284 | D:5      | 3284 ||| DROPPING potion of degeneration.
  3285 | D:5      | 3285 ||| DROPPING potion of brilliance.
  3360 | D:6      | Found a staircase to the Ecumenical Temple.
  3361 | D:6      | 3361 ||| PLANNING TEMPLE
  3361 | D:6      | 3361 ||| READING scroll labelled LANKEL GUAKH.
  3370 | Temple   | Entered the Ecumenical Temple
  3371 | Temple   | 3371 ||| PLANNING OKAWARU WORSHIP
  3377 | Temple   | Became a worshipper of Warmaster Okawaru
  3378 | Temple   | 3378 ||| PLANNING D:1-11
  3405 | D:6      | Reached skill level 9 in Ranged Weapons
  3408 | D:6      | Reached skill level 3 in Armour
  3458 | D:6      | Reached skill level 6 in Fighting
  3501 | D:6      | Reached * piety under Okawaru
  3601 | D:6      | 3601 ||| INVOKING Heroism.
  3946 | D:6      | 3946 ||| DROPPING ring of ice.
  3947 | D:6      | 3947 ||| READING 2 scrolls of identify.
  3947 | D:6      | 3947 ||| IDENTIFYING viscous white potion
  4002 | D:7      | Reached XP level 9. HP: 55/55 MP: 9/9
  4148 | D:7      | Reached skill level 3 in Dodging
  4184 | D:7      | Reached skill level 1 in Invocations
  4204 | D:7      | 4204 ||| FLEEEEING.
  4205 | D:7      | 4205 ||| FLEEEEING.
  4206 | D:7      | 4206 ||| FLEEEEING.
  4396 | D:7      | 4396 ||| INVOKING Heroism.
  4445 | D:7      | 4445 ||| INVOKING Heroism.
  4450 | D:7      | Reached skill level 3 in Invocations
  4456 | D:7      | Reached skill level 7 in Fighting
  4662 | D:7      | 4662 ||| READING scroll labelled TIAZOIKAIRR.
  4663 | D:7      | 4663 ||| READING scroll labelled GEHYF ICEAMAROMP.
  4710 | D:8      | Found a stormy altar of Qazlal.
  4868 | D:8      | 4868 ||| DROPPING +0 shortbow.
  5037 | D:8      | 5037 ||| Stepping ~*~*~tactically~*~*~ (outnumbered).
  5039 | D:8      | 5039 ||| Stepping ~*~*~tactically~*~*~ (outnumbered).
  5043 | D:8      | 5043 ||| Stepping ~*~*~tactically~*~*~ (outnumbered).
  5053 | D:8      | 5053 ||| DRINKING 2 potions of curing.
  5053 | D:8      | 5053 ||| (to cure confusion)
  5054 | D:8      | Reached ** piety under Okawaru
  5341 | D:8      | 5341 ||| UPGRADING to amulet of faith.
  5346 | D:8      | 5346 ||| READING scroll labelled NIXTIJ WUCK.
  5347 | D:8      | 5347 ||| READING scroll labelled WIXZOTAECH.
  5348 | D:8      | 5348 ||| READING scroll labelled QUULUT PILIM.
  5400 | D:9      | 5400 ||| INVOKING Heroism.
  5406 | D:9      | Reached XP level 10. HP: 63/63 MP: 10/13
  5516 | D:9      | 5516 ||| INVOKING Heroism.
  5519 | D:9      | 5519 ||| Stepping ~*~*~tactically~*~*~ (outnumbered).
  5527 | D:9      | Reached skill level 8 in Fighting
  5583 | D:9      | 5583 ||| INVOKING Heroism.
  5609 | D:9      | 5609 ||| INVOKING Heroism.
  5661 | D:9      | 5661 ||| INVOKING Heroism.
  5663 | D:9      | 5663 ||| Stepping ~*~*~tactically~*~*~ (cloud).
  5671 | D:9      | 5671 ||| Stepping ~*~*~tactically~*~*~ (cloud).
  5717 | D:9      | 5717 ||| Stepping ~*~*~tactically~*~*~ (outnumbered).
  5719 | D:9      | 5719 ||| Stepping ~*~*~tactically~*~*~ (outnumbered).
  5748 | D:9      | 5748 ||| INVOKING Heroism.
  5787 | D:9      | Identified the +6 mace of Wu Jian's Hope {venom, rElec
                  | rPois MP+9 Str-2}
  5836 | D:9      | Found a staircase to the Orcish Mines.
  5903 | D:9      | Found Qoskumum's Antique Armour Emporium.
  5924 | D:9      | Found a basalt altar of Yredelemnul.
  6043 | D:9      | 6043 ||| READING 2 scrolls of identify.
  6043 | D:9      | 6043 ||| IDENTIFYING viscous inky potion
  6061 | D:10     | Entered Level 10 of the Dungeon
  6221 | D:10     | Reached skill level 12 in Ranged Weapons
  6312 | D:10     | Reached *** piety under Okawaru
  6349 | D:10     | Noticed a brown ugly thing
  6355 | D:10     | 6355 ||| INVOKING Heroism.
  6363 | D:10     | Killed a brown ugly thing
  6488 | D:10     | Noticed a two-headed ogre
  6489 | D:10     | 6489 ||| INVOKING Heroism.
  6493 | D:10     | Killed a two-headed ogre
  6493 | D:10     | Reached **** piety under Okawaru
  6688 | D:10     | Noticed a kobold demonologist
  6701 | D:10     | 6701 ||| INVOKING Heroism.
  6702 | D:10     | Noticed a sun demon
  6704 | D:10     | Killed a kobold demonologist
  6705 | D:10     | Reached XP level 11. HP: 48/69 MP: 11/14
  6829 | D:10     | 6829 ||| DRINKING 3 metallic golden potions.
  6829 | D:10     | Gained mutation: You have sharp toenails. [potion of
                  | mutation]
  6829 | D:10     | Gained mutation: Your muscles are strong. (Str +4, Int/Dex
                  | -1) [potion of mutation]
  6829 | D:10     | Gained mutation: You are strong-willed. (Will+) [potion of
                  | mutation]
  6830 | D:10     | 6830 ||| READING 2 scrolls of identify.
  6830 | D:10     | 6830 ||| IDENTIFYING bubbling silvery potion
  6893 | D:11     | Found a staircase to the Lair.
  6893 | D:11     | Noticed a death yak
  6894 | D:11     | 6894 ||| INVOKING Heroism.
  6896 | D:11     | Noticed a death yak
  6901 | D:11     | Noticed a death yak
  6904 | D:11     | Killed a death yak
  6905 | D:11     | Reached skill level 9 in Fighting
  6913 | D:11     | Killed a death yak
  6913 | D:11     | Reached ***** piety under Okawaru
  6914 | D:11     | 6914 ||| INVOKING Finesse.
  6925 | D:11     | Killed a death yak
  6925 | D:11     | Identified the +1 animal skin of Eprijagh {+Inv rC+ Int+3}
                  | (Okawaru gifted it to you on level 11 of the Dungeon)
  6925 | D:11     | Received a gift from Okawaru
  6926 | D:11     | Reached skill level 6 in Invocations
  7093 | D:11     | Noticed Fannar
  7097 | D:11     | 7097 ||| INVOKING Heroism.
  7113 | D:11     | Killed Fannar
  7194 | D:11     | Noticed a cyclops
  7195 | D:11     | 7195 ||| INVOKING Heroism.
  7201 | D:11     | Killed a cyclops
  7272 | D:11     | Noticed a cyclops
  7273 | D:11     | 7273 ||| INVOKING Heroism.
  7280 | D:11     | Killed a cyclops
  7591 | D:11     | 7591 ||| PLANNING LAIR
  7621 | Lair:1   | Entered Level 1 of the Lair of Beasts
  7622 | Lair:1   | 7622 ||| INVOKING Heroism.
  7674 | Lair:1   | Found a blossoming altar of Fedhas.
  7676 | Lair:1   | Noticed an oklob plant
  7677 | Lair:1   | 7677 ||| INVOKING Heroism.
  7851 | Lair:1   | Reached XP level 12. HP: 76/76 MP: 18/18
  8013 | Lair:1   | Found a dark tunnel.
  8213 | Lair:1   | 8213 ||| READING scroll labelled DOCAITR RAUT.
  8253 | Lair:2   | 8253 ||| INVOKING Heroism.
  8258 | Lair:2   | Reached skill level 9 in Invocations
  8266 | Lair:2   | 8266 ||| STAIRDANCE
  8269 | Lair:2   | 8269 ||| INVOKING Heroism.
  8328 | Lair:2   | Found a staircase to the Shoals.
  8449 | Lair:2   | Found a transporter.
  8452 | Lair:2   | Found a one-way gate to the infinite horrors of the Abyss.
  8452 | Lair:2   | Noticed qw's ghost (journeyman NaHu)
  8452 | Lair:2   | Noticed a rakshasa
  8454 | Lair:2   | Noticed a soul eater
  8505 | Lair:2   | Noticed Amaemon
  8506 | Lair:2   | 8506 ||| INVOKING Heroism.
  8507 | Lair:2   | 8507 ||| Stepping ~*~*~tactically~*~*~ (outnumbered).
  8526 | Lair:2   | Killed Amaemon
  8527 | Lair:2   | Reached skill level 10 in Fighting
  8532 | Lair:2   | Identified the scarf of Okyxtok {rC+ rF+, Int+7} (Okawaru
                  | gifted it to you on level 2 of the Lair of Beasts)
  8532 | Lair:2   | Received a gift from Okawaru
  8552 | Lair:2   | 8552 ||| INVOKING Heroism.
  8612 | Lair:2   | Found a transporter.
  8664 | Lair:2   | 8664 ||| INVOKING Heroism.
  8717 | Lair:2   | 8717 ||| INVOKING Heroism.
  8813 | Lair:2   | 8813 ||| READING scroll of brand weapon.
  8813 | Lair:2   | 8813 ||| BRANDING +1 orcbow of chaos.
  8867 | Lair:2   | Found a staircase to the Snake Pit.
  8871 | Lair:2   | Reached skill level 15 in Ranged Weapons
  9033 | Lair:2   | 9033 ||| INVOKING Heroism.
  9067 | Lair:2   | Noticed a boulder beetle
  9068 | Lair:2   | 9068 ||| Stepping ~*~*~tactically~*~*~ (water).
  9069 | Lair:2   | 9069 ||| INVOKING Finesse.
  9079 | Lair:2   | Killed a boulder beetle
  9107 | Lair:2   | Found the +3 pair of seven-league boots {Rampage+∞}
  9262 | Lair:2   | 9262 ||| UPGRADING to scarf of Okyxtok {rC+ rF+, Int+7}.
  9272 | Lair:2   | 9272 ||| UPGRADING to +3 pair of seven-league boots
                  | {Rampage+∞}.
  9277 | Lair:2   | 9277 ||| READING 3 scrolls of identify.
  9277 | Lair:2   | 9277 ||| IDENTIFYING bubbling green potion
  9421 | Lair:3   | 9421 ||| INVOKING Heroism.
  9425 | Lair:3   | Received a gift from Okawaru
  9499 | Lair:3   | 9499 ||| INVOKING Heroism.
  9508 | Lair:3   | Reached XP level 13. HP: 82/82 MP: 18/20
  9688 | Lair:3   | Reached skill level 6 in Armour
  9698 | Lair:3   | Found a runed translucent door.
  9732 | Lair:3   | Found a large runed translucent door.
  9732 | Lair:3   | Found a large runed translucent door.
  9736 | Lair:3   | Noticed qw's ghost (journeyman MiHu)
 10190 | Lair:3   | 10190 ||| DROPPING ring of magical power.
 10191 | Lair:3   | 10191 ||| DROPPING ring of wizardry.
 10246 | Lair:4   | Found a staircase to the Slime Pits.
 10363 | Lair:4   | Reached skill level 6 in Dodging
 10376 | Lair:4   | 10376 ||| INVOKING Heroism.
 10494 | Lair:4   | Identified the amulet "Pysyonnu" {Regen+ rCorr Str+2}
 10495 | Lair:4   | 10495 ||| INVOKING Heroism.
 10496 | Lair:4   | 10496 ||| Stepping ~*~*~tactically~*~*~ (outnumbered).
 10537 | Lair:4   | 10537 ||| INVOKING Heroism.
 10548 | Lair:4   | HP: 16/83 [meliai/divine providence (15)]
 10548 | Lair:4   | HP: 2/83 [meliai/divine providence (14)]
 10549 | Lair:4   | 10549 ||| READING 6 scrolls of teleportation.
 10550 | Lair:4   | 10550 ||| DRINKING 5 potions of heal wounds.
 10607 | Lair:4   | Received a gift from Okawaru
 10608 | Lair:4   | Reached skill level 11 in Fighting
 10613 | Lair:4   | 10613 ||| READING scroll of enchant armour.
 10613 | Lair:4   | 10613 ||| ENCHANTING +0 helmet.
 10787 | Lair:4   | Found a frozen archway.
 10812 | Lair:4   | 10812 ||| INVOKING Heroism.
 11237 | Lair:4   | Reached skill level 12 in Fighting
 11329 | Lair:4   | 11329 ||| DROPPING scarf of invisibility.
 11330 | Lair:4   | 11330 ||| DROPPING amulet of guardian spirit.
 11373 | Lair:5   | Entered Level 5 of the Lair of Beasts
 11396 | Lair:5   | 11396 ||| INVOKING Heroism.
 11397 | Lair:5   | 11397 ||| INVOKING Finesse.
 11475 | Lair:5   | 11475 ||| INVOKING Heroism.
 11528 | Lair:5   | 11528 ||| INVOKING Heroism.
 11528 | Lair:5   | Noticed Rupert
 11529 | Lair:5   | 11529 ||| INVOKING Finesse.
 11540 | Lair:5   | 11540 ||| DRINKING 2 potions of curing.
 11540 | Lair:5   | 11540 ||| (to cure confusion)
 11556 | Lair:5   | Killed Rupert
 11578 | Lair:5   | Identified the +11 chain mail "Hunum" {rF+} (Okawaru gifted
                  | it to you on level 5 of the Lair of Beasts)
 11578 | Lair:5   | Received a gift from Okawaru
 11596 | Lair:5   | Reached skill level 13 in Fighting
 11596 | Lair:5   | Gained mutation: Your large and strong wings let you fly.
                  | [Gargoyle growth]
 11596 | Lair:5   | Reached XP level 14. HP: 94/94 MP: 17/21
 11712 | Lair:5   | 11712 ||| INVOKING Heroism.
 11713 | Lair:5   | 11713 ||| INVOKING Finesse.
 11797 | Lair:5   | Noticed Nessos
 11798 | Lair:5   | 11798 ||| INVOKING Finesse.
 11811 | Lair:5   | Killed Nessos
 11846 | Lair:5   | 11846 ||| DROPPING +0 orcbow.
 11847 | Lair:5   | 11847 ||| UPGRADING to +2 longbow of flaming.
 11848 | Lair:5   | 11848 ||| DROPPING +1 orcbow of draining.
 11881 | Lair:5   | 11881 ||| INVOKING Heroism.
 11902 | Lair:5   | 11902 ||| FLEEEEING.
 11903 | Lair:5   | 11903 ||| FLEEEEING.
 11904 | Lair:5   | 11904 ||| FLEEEEING.
 11909 | Lair:5   | 11909 ||| FLEEEEING.
 11914 | Lair:5   | 11914 ||| INVOKING Heroism.
 11962 | Lair:5   | 11962 ||| INVOKING Finesse.
 12440 | Lair:5   | 12440 ||| INVOKING Heroism.
 12441 | Lair:5   | 12441 ||| INVOKING Finesse.
 12777 | Lair:5   | 12777 ||| PLANNING D
 12777 | Lair:5   | 12777 ||| DRINKING 2 brown potions.
 13101 | D:12     | 13101 ||| INVOKING Heroism.
 13149 | D:12     | 13149 ||| INVOKING Heroism.
 13180 | D:12     | 13180 ||| Stepping ~*~*~tactically~*~*~ (outnumbered).
 13216 | D:12     | 13216 ||| READING scroll of brand weapon.
 13216 | D:12     | 13216 ||| BRANDING +2 longbow of flaming.
 13544 | D:12     | Found a bloodstained altar of Trog.
 13813 | D:13     | Identified the +10 spear of Defilement {elec, rElec rF+
                  | Dex-4 SInv} (Okawaru gifted it to you on level 13 of the
                  | Dungeon)
 13813 | D:13     | Received a gift from Okawaru
 13921 | D:13     | Reached skill level 18 in Ranged Weapons
 14643 | D:14     | Reached XP level 15. HP: 98/98 MP: 22/22
 14671 | D:14     | 14671 ||| INVOKING Heroism.
 14672 | D:14     | 14672 ||| INVOKING Finesse.
 14728 | D:14     | 14728 ||| INVOKING Finesse.
 14838 | D:14     | 14838 ||| INVOKING Heroism.
 14901 | D:14     | 14901 ||| DROPPING +0 shortbow.
 14980 | D:14     | Identified the +5 plate armour of Kaisti {rElec}
 14985 | D:14     | Found a gate to the Vaults.
 15041 | D:14     | 15041 ||| INVOKING Heroism.
 15080 | D:14     | Found an ancient bone altar of Kikubaaqudgha.
 15099 | D:14     | 15099 ||| INVOKING Heroism.
 15244 | D:15     | Entered Level 15 of the Dungeon
 15264 | D:15     | Identified the +1 longbow of Idoa {drain, rPois Will+}
                  | (Okawaru gifted it to you on level 15 of the Dungeon)
 15264 | D:15     | Received a gift from Okawaru
 15287 | D:15     | 15287 ||| UPGRADING to +1 longbow of Idoa {drain, rPois
                  | Will+}.
 15403 | D:15     | 15403 ||| INVOKING Heroism.
 15545 | D:15     | Received a gift from Okawaru
 15548 | D:15     | 15548 ||| Stepping ~*~*~tactically~*~*~ (cloud).
 15563 | D:15     | 15563 ||| DROPPING +0 orcbow.
 15632 | D:15     | Found a sparkling altar of Nemelex Xobeh.
 15680 | D:15     | Found a runed translucent door.
 15681 | D:15     | 15681 ||| INVOKING Heroism.
 15683 | D:15     | Noticed a sphinx
 15780 | D:15     | 15780 ||| Stepping ~*~*~tactically~*~*~ (outnumbered).
 15825 | D:15     | Found a staircase to the Depths.
 16002 | D:15     | 16002 ||| PLANNING ORC
 16016 | D:15     | 16016 ||| PLANNING D
 16031 | D:15     | 16031 ||| PLANNING ORC
 16048 | D:15     | 16048 ||| PLANNING D
 16067 | D:15     | 16067 ||| PLANNING ORC
 16104 | D:15     | 16104 ||| PLANNING D
 16143 | D:15     | 16143 ||| PLANNING ORC
 16169 | D:15     | 16169 ||| PLANNING D
 16197 | D:15     | 16197 ||| PLANNING ORC
 16277 | D:15     | 16277 ||| PLANNING D
 16326 | D:15     | Killed a sphinx
 16327 | D:15     | Reached skill level 14 in Fighting
 16336 | D:15     | 16336 ||| PLANNING ORC
 16369 | D:15     | 16369 ||| PLANNING D
 16370 | D:15     | 16370 ||| PLANNING ORC
 16412 | D:15     | 16412 ||| PLANNING D
 16412 | D:15     | 16412 ||| Stepping randomly (stuck).
 16413 | D:15     | 16413 ||| PLANNING ORC
 16549 | Orc:1    | Entered Level 1 of the Orcish Mines
 16696 | Orc:1    | 16696 ||| Stepping ~*~*~tactically~*~*~ (outnumbered).
 16699 | Orc:1    | 16699 ||| Stepping ~*~*~tactically~*~*~ (outnumbered).
 16799 | Orc:1    | 16799 ||| Stepping ~*~*~tactically~*~*~ (outnumbered).
 16808 | Orc:1    | 16808 ||| INVOKING Heroism.
 16991 | Orc:2    | Entered Level 2 of the Orcish Mines
 16991 | Orc:2    | Noticed Azrael
 16992 | Orc:2    | 16992 ||| INVOKING Heroism.
 16993 | Orc:2    | 16993 ||| INVOKING Finesse.
 17008 | Orc:2    | Killed Azrael
 17020 | Orc:2    | 17020 ||| STAIRDANCE
 17025 | Orc:1    | Received a gift from Okawaru
 17025 | Orc:1    | Found the +8 orange crystal plate armour {Archmagi, Int+3
                  | Clar}
 17108 | Orc:2    | 17108 ||| STAIRDANCE
 17232 | Orc:2    | Found a staircase to the Elven Halls.
 17256 | Orc:2    | Found a runed translucent door.
 17256 | Orc:2    | Found a shimmering altar of Xom.
 17256 | Orc:2    | Noticed qw's ghost (adept GrFi)
 17390 | Orc:2    | Identified the +7 flail of Checkmate {chaos, Dex+6}
 17528 | Orc:2    | 17528 ||| INVOKING Heroism.
 17579 | Orc:2    | Reached skill level 9 in Dodging
 17579 | Orc:2    | Reached XP level 16. HP: 49/106 MP: 23/23
 17580 | Orc:2    | 17580 ||| INVOKING Heroism.
 17600 | Orc:2    | HP: 23/106 [orc knight/+3 great sword (9)]
 17601 | Orc:2    | 17601 ||| READING 5 scrolls of teleportation.
 17602 | Orc:2    | 17602 ||| DRINKING 6 potions of heal wounds.
 17671 | Orc:2    | 17671 ||| INVOKING Heroism.
 17692 | Orc:2    | 17692 ||| Stepping ~*~*~tactically~*~*~ (outnumbered).
 17694 | Orc:2    | 17694 ||| Stepping ~*~*~tactically~*~*~ (outnumbered).
 17715 | Orc:2    | 17715 ||| INVOKING Heroism.
 17718 | Orc:2    | 17718 ||| Stepping ~*~*~tactically~*~*~ (outnumbered).
 17721 | Orc:2    | 17721 ||| Stepping ~*~*~tactically~*~*~ (outnumbered).
 17744 | Orc:2    | Reached skill level 9 in Armour
 17752 | Orc:2    | 17752 ||| Stepping ~*~*~tactically~*~*~ (outnumbered).
 17754 | Orc:2    | 17754 ||| Stepping ~*~*~tactically~*~*~ (outnumbered).
 17758 | Orc:2    | 17758 ||| Stepping ~*~*~tactically~*~*~ (outnumbered).
 17760 | Orc:2    | 17760 ||| Stepping ~*~*~tactically~*~*~ (outnumbered).
 17787 | Orc:2    | Found Yviehosm's Magic Scroll Shoppe.
 17787 | Orc:2    | Found Caddiva's Armour Shoppe.
 17788 | Orc:2    | Found Moalalas's Weapon Shop.
 17788 | Orc:2    | Found Hoyjuit's Magic Scroll Shop.
 17796 | Orc:2    | 17796 ||| BUYING 3 scrolls of enchant armour (315 gold).
 17796 | Orc:2    | Bought 3 scrolls of enchant armour for 315 gold pieces
 17796 | Orc:2    | 17796 ||| BUYING scroll of enchant armour (105 gold).
 17796 | Orc:2    | Bought a scroll of enchant armour for 105 gold pieces
 17796 | Orc:2    | 17796 ||| BUYING scroll of identify (28 gold).
 17796 | Orc:2    | Bought a scroll of identify for 28 gold pieces
 17796 | Orc:2    | 17796 ||| BUYING scroll of teleportation (42 gold).
 17796 | Orc:2    | Bought a scroll of teleportation for 42 gold pieces
 17796 | Orc:2    | 17796 ||| BUYING scroll of teleportation (42 gold).
 17796 | Orc:2    | Bought a scroll of teleportation for 42 gold pieces
 17796 | Orc:2    | 17796 ||| READING 4 scrolls of enchant armour.
 17796 | Orc:2    | 17796 ||| ENCHANTING +1 helmet.
 17808 | Orc:2    | 17808 ||| BUYING scroll of enchant armour (105 gold).
 17808 | Orc:2    | Bought a scroll of enchant armour for 105 gold pieces
 17808 | Orc:2    | 17808 ||| BUYING scroll of teleportation (42 gold).
 17808 | Orc:2    | Bought a scroll of teleportation for 42 gold pieces
 17906 | Orc:2    | 17906 ||| PLANNING SHOALS:1-3
 17959 | Orc:2    | 17959 ||| PLANNING ORC
 18014 | Orc:2    | 18014 ||| PLANNING SHOALS:1-3
 18027 | Orc:2    | 18027 ||| PLANNING ORC
 18041 | Orc:2    | 18041 ||| PLANNING SHOALS:1-3
 18052 | Orc:2    | 18052 ||| PLANNING ORC
 18065 | Orc:2    | 18065 ||| PLANNING SHOALS:1-3
 18086 | Orc:2    | 18086 ||| PLANNING ORC
 18107 | Orc:2    | 18107 ||| PLANNING SHOALS:1-3
 18162 | Orc:2    | 18162 ||| PLANNING ORC
 18219 | Orc:2    | 18219 ||| PLANNING SHOALS:1-3
 18240 | Orc:2    | 18240 ||| PLANNING ORC
 18262 | Orc:2    | 18262 ||| PLANNING SHOALS:1-3
 18285 | Orc:2    | 18285 ||| PLANNING ORC
 18310 | Orc:2    | 18310 ||| PLANNING SHOALS:1-3
 18339 | Orc:2    | 18339 ||| PLANNING ORC
 18369 | Orc:2    | 18369 ||| PLANNING SHOALS:1-3
 18402 | Orc:2    | 18402 ||| PLANNING ORC
 18437 | Orc:2    | 18437 ||| PLANNING SHOALS:1-3
 18470 | Orc:2    | 18470 ||| PLANNING ORC
 18504 | Orc:2    | 18504 ||| Stepping randomly (stuck).
 18505 | Orc:2    | 18505 ||| PLANNING SHOALS:1-3
 18599 | Shoals:1 | Entered Level 1 of the Shoals
 18599 | Shoals:1 | Noticed qw's ghost (adept NaHu)
 18599 | Shoals:1 | Found a transporter.
 18599 | Shoals:1 | Found a transporter.
 18807 | Shoals:1 | 18807 ||| INVOKING Heroism.
 18880 | Shoals:1 | 18880 ||| INVOKING Heroism.
 19022 | Shoals:1 | 19022 ||| INVOKING Heroism.
 19023 | Shoals:1 | 19023 ||| INVOKING Finesse.
 19071 | Shoals:1 | Reached skill level 15 in Fighting
 19075 | Shoals:1 | Found Kieratism's Armour Shoppe.
 19389 | Shoals:1 | 19389 ||| DROPPING amulet of reflection.
 19424 | Shoals:2 | Noticed Kirke
 19425 | Shoals:2 | 19425 ||| INVOKING Heroism.
 19444 | Shoals:2 | Killed Kirke
 19571 | Shoals:2 | Noticed a kraken
 19581 | Shoals:2 | 19581 ||| INVOKING Heroism.
 19594 | Shoals:2 | Killed a kraken
 19782 | Shoals:2 | 19782 ||| INVOKING Heroism.
 19936 | Shoals:2 | Found a runed translucent door.
 19957 | Shoals:2 | 19957 ||| INVOKING Heroism.
 20019 | Shoals:2 | Found Nuleocee's Weapon Shop.
 20285 | Shoals:2 | 20285 ||| DROPPING ring of fire.
 20286 | Shoals:2 | 20286 ||| DRINKING 2 fuming golden potions.
 20450 | Shoals:3 | Received a gift from Okawaru
 20495 | Shoals:3 | Found Aoryczaa's Alliterative Accessories.
 20503 | Shoals:3 | 20503 ||| BUYING potion of attraction (45 gold).
 20503 | Shoals:3 | Bought a potion of attraction for 45 gold pieces
 20503 | Shoals:3 | 20503 ||| BUYING scroll of acquirement (780 gold).
 20503 | Shoals:3 | Bought a scroll of acquirement for 780 gold pieces
 20503 | Shoals:3 | 20503 ||| READING scroll of acquirement.
 20503 | Shoals:3 | 20503 ||| ACQUIRING +4 arbalest of flaming
 20503 | Shoals:3 | Acquired a +4 arbalest of flaming
 20505 | Shoals:3 | 20505 ||| DROPPING +2 arbalest of freezing.
 20584 | Shoals:3 | Reached skill level 16 in Fighting
 20888 | Shoals:3 | 20888 ||| PLANNING SNAKE:1-3
 20982 | Snake:1  | Entered Level 1 of the Snake Pit
 20983 | Snake:1  | 20983 ||| INVOKING Heroism.
 21062 | Snake:1  | Found a sacrificial altar of Ru.
 21321 | Snake:1  | Received a gift from Okawaru
 21323 | Snake:1  | 21323 ||| DROPPING +4 arbalest of flaming.
 21324 | Snake:1  | 21324 ||| DROPPING +2 longbow of draining.
 22167 | Snake:1  | 22167 ||| DROPPING amulet of the acrobat.
 22249 | Snake:2  | Reached XP level 17. HP: 116/116 MP: 24/24
 22321 | Snake:2  | 22321 ||| INVOKING Heroism.
 22326 | Snake:2  | 22326 ||| Stepping ~*~*~tactically~*~*~ (outnumbered).
 22334 | Snake:2  | Reached skill level 17 in Fighting
 22492 | Snake:2  | 22492 ||| INVOKING Heroism.
 22530 | Snake:2  | 22530 ||| Stepping ~*~*~tactically~*~*~ (outnumbered).
 22532 | Snake:2  | 22532 ||| Stepping ~*~*~tactically~*~*~ (outnumbered).
 22534 | Snake:2  | 22534 ||| Stepping ~*~*~tactically~*~*~ (outnumbered).
 22536 | Snake:2  | 22536 ||| Stepping ~*~*~tactically~*~*~ (outnumbered).
 22961 | Snake:2  | 22961 ||| READING 11 scrolls of identify.
 22961 | Snake:2  | 22961 ||| IDENTIFYING glowing golden potion
 22962 | Snake:2  | 22962 ||| DROPPING potion of invisibility.
 23025 | Snake:3  | 23025 ||| STAIRDANCE
 23032 | Snake:2  | Reached ****** piety under Okawaru
 23473 | Snake:3  | Received a gift from Okawaru
 23491 | Snake:3  | 23491 ||| INVOKING Heroism.
 23509 | Snake:3  | Identified the +4 chain mail "Attiy" {rC+ Will- Int+5
                  | Dex-3} (Okawaru gifted it to you on level 3 of the Snake
                  | Pit)
 23509 | Snake:3  | Received a gift from Okawaru
 23668 | Snake:3  | 23668 ||| INVOKING Heroism.
 23669 | Snake:3  | 23669 ||| Stepping ~*~*~tactically~*~*~ (outnumbered).
 23672 | Snake:3  | 23672 ||| Stepping ~*~*~tactically~*~*~ (outnumbered).
 23863 | Snake:3  | 23863 ||| PLANNING SHOALS:4
 23995 | Shoals:4 | Entered Level 4 of the Shoals
 24000 | Shoals:4 | 24000 ||| INVOKING Heroism.
 24072 | Shoals:4 | 24072 ||| INVOKING Heroism.
 24107 | Shoals:4 | 24107 ||| INVOKING Heroism.
 24108 | Shoals:4 | 24108 ||| INVOKING Finesse.
 24109 | Shoals:4 | 24109 ||| Stepping ~*~*~tactically~*~*~ (outnumbered).
 24116 | Shoals:4 | 24116 ||| Stepping ~*~*~tactically~*~*~ (outnumbered).
 24120 | Shoals:4 | Paralysed by an air elemental for 1 turns
 24124 | Shoals:4 | 24124 ||| Stepping ~*~*~tactically~*~*~ (outnumbered).
 24125 | Shoals:4 | 24125 ||| Stepping ~*~*~tactically~*~*~ (outnumbered).
 24142 | Shoals:4 | Reached skill level 18 in Fighting
 24242 | Shoals:4 | 24242 ||| INVOKING Heroism.
 24315 | Shoals:4 | 24315 ||| INVOKING Heroism.
 24316 | Shoals:4 | 24316 ||| INVOKING Finesse.
 24397 | Shoals:4 | 24397 ||| INVOKING Heroism.
 24398 | Shoals:4 | 24398 ||| INVOKING Finesse.
 24399 | Shoals:4 | 24399 ||| Stepping ~*~*~tactically~*~*~ (outnumbered).
 24441 | Shoals:4 | Noticed a titan
 24442 | Shoals:4 | 24442 ||| INVOKING Heroism.
 24443 | Shoals:4 | 24443 ||| Stepping ~*~*~tactically~*~*~ (outnumbered).
 24454 | Shoals:4 | 24454 ||| Stepping ~*~*~tactically~*~*~ (outnumbered).
 24463 | Shoals:4 | Killed a titan
 24479 | Shoals:4 | 24479 ||| INVOKING Finesse.
 24501 | Shoals:4 | HP: 25/120 [merfolk/+0 spear[a merfolk impaler] (9)]
 24502 | Shoals:4 | 24502 ||| READING 9 scrolls of teleportation.
 24503 | Shoals:4 | 24503 ||| DRINKING 5 potions of heal wounds.
 24613 | Shoals:4 | 24613 ||| INVOKING Heroism.
 24666 | Shoals:4 | 24666 ||| Stepping ~*~*~tactically~*~*~ (outnumbered).
 24668 | Shoals:4 | 24668 ||| Stepping ~*~*~tactically~*~*~ (outnumbered).
 24670 | Shoals:4 | 24670 ||| INVOKING Heroism.
 24682 | Shoals:4 | Reached skill level 19 in Fighting
 24707 | Shoals:4 | 24707 ||| INVOKING Heroism.
 24708 | Shoals:4 | 24708 ||| INVOKING Finesse.
 24772 | Shoals:4 | 24772 ||| INVOKING Heroism.
 24773 | Shoals:4 | 24773 ||| INVOKING Finesse.
 24773 | Shoals:4 | Paralysed by an air elemental for 1 turns
 24905 | Shoals:4 | 24905 ||| INVOKING Heroism.
 24911 | Shoals:4 | Reached XP level 18. HP: 117/128 MP: 23/25
 24951 | Shoals:4 | Identified the +1 great sword of Ving {antimagic, rC- Will-
                  | rCorr Dex+8}
 24952 | Shoals:4 | 24952 ||| INVOKING Heroism.
 25007 | Shoals:4 | 25007 ||| INVOKING Heroism.
 25037 | Shoals:4 | Got a barnacled rune of Zot
 25038 | Shoals:4 | Identified the staff of death "Couf" {Drain rF+ rN+ Dex+3}
 25185 | Shoals:4 | 25185 ||| INVOKING Heroism.
 25263 | Shoals:4 | 25263 ||| INVOKING Heroism.
 25264 | Shoals:4 | 25264 ||| Stepping ~*~*~tactically~*~*~ (outnumbered).
 25279 | Shoals:4 | 25279 ||| INVOKING Finesse.
 25292 | Shoals:4 | Reached skill level 12 in Dodging
 25329 | Shoals:4 | 25329 ||| Stepping ~*~*~tactically~*~*~ (outnumbered).
 25376 | Shoals:4 | 25376 ||| PLANNING VAULTS:1-4
 25608 | Vaults:1 | Entered Level 1 of the Vaults
 25715 | Vaults:1 | 25715 ||| Stepping ~*~*~tactically~*~*~ (outnumbered).
 25729 | Vaults:1 | Received a gift from Okawaru
 25737 | Vaults:1 | 25737 ||| DROPPING +2 longbow of flaming.
 25740 | Vaults:1 | 25740 ||| Stepping ~*~*~tactically~*~*~ (outnumbered).
 25742 | Vaults:1 | 25742 ||| Stepping ~*~*~tactically~*~*~ (outnumbered).
 25744 | Vaults:1 | 25744 ||| Stepping ~*~*~tactically~*~*~ (outnumbered).
 25793 | Vaults:1 | Reached skill level 12 in Armour
 25863 | Vaults:1 | Identified the +0 leather armour of Tintuef {Str+2}
 26089 | Vaults:1 | 26089 ||| FLEEEEING.
 26284 | Vaults:1 | 26284 ||| INVOKING Finesse.
 26326 | Vaults:1 | 26326 ||| Stepping ~*~*~tactically~*~*~ (outnumbered).
 26328 | Vaults:1 | 26328 ||| INVOKING Heroism.
 26329 | Vaults:1 | 26329 ||| Stepping ~*~*~tactically~*~*~ (outnumbered).
 26346 | Vaults:1 | Received a gift from Okawaru
 26390 | Vaults:1 | 26390 ||| INVOKING Finesse.
 26426 | Vaults:1 | 26426 ||| READING 8 scrolls of teleportation.
 26436 | Vaults:1 | 26436 ||| READING 7 scrolls of teleportation.
 26437 | Vaults:1 | 26437 ||| INVOKING Heroism.
 26440 | Vaults:1 | Reached skill level 20 in Fighting
 26462 | Vaults:1 | 26462 ||| DRINKING 2 potions of cancellation.
 26485 | Vaults:1 | 26485 ||| INVOKING Heroism.
 26635 | Vaults:1 | 26635 ||| INVOKING Heroism.
 26636 | Vaults:1 | 26636 ||| INVOKING Finesse.
 27006 | Vaults:1 | 27006 ||| FLEEEEING.
 27011 | Vaults:1 | 27011 ||| FLEEEEING.
 27012 | Vaults:1 | 27012 ||| FLEEEEING.
 27013 | Vaults:1 | 27013 ||| FLEEEEING.
 27014 | Vaults:1 | 27014 ||| FLEEEEING.
 27015 | Vaults:1 | 27015 ||| FLEEEEING.
 27021 | Vaults:1 | 27021 ||| FLEEEEING.
 27022 | Vaults:1 | 27022 ||| FLEEEEING.
 27023 | Vaults:1 | 27023 ||| FLEEEEING.
 27024 | Vaults:1 | 27024 ||| FLEEEEING.
 27025 | Vaults:1 | 27025 ||| FLEEEEING.
 27026 | Vaults:1 | 27026 ||| FLEEEEING.
 27027 | Vaults:1 | 27027 ||| FLEEEEING.
 27028 | Vaults:1 | 27028 ||| FLEEEEING.
 27029 | Vaults:1 | 27029 ||| FLEEEEING.
 27030 | Vaults:1 | 27030 ||| FLEEEEING.
 27031 | Vaults:1 | 27031 ||| FLEEEEING.
 27032 | Vaults:1 | 27032 ||| FLEEEEING.
 27033 | Vaults:1 | 27033 ||| FLEEEEING.
 27034 | Vaults:1 | 27034 ||| FLEEEEING.
 27040 | Vaults:1 | 27040 ||| FLEEEEING.
 27041 | Vaults:1 | 27041 ||| FLEEEEING.
 27042 | Vaults:1 | 27042 ||| FLEEEEING.
 27043 | Vaults:1 | 27043 ||| FLEEEEING.
 27044 | Vaults:1 | 27044 ||| FLEEEEING.
 27045 | Vaults:1 | 27045 ||| FLEEEEING.
 27046 | Vaults:1 | 27046 ||| FLEEEEING.
 27047 | Vaults:1 | 27047 ||| FLEEEEING.
 27053 | Vaults:1 | 27053 ||| FLEEEEING.
 27054 | Vaults:1 | 27054 ||| FLEEEEING.
 27171 | Vaults:1 | 27171 ||| INVOKING Heroism.
 27320 | Vaults:2 | 27320 ||| Stepping ~*~*~tactically~*~*~ (outnumbered).
 27328 | Vaults:2 | 27328 ||| Stepping ~*~*~tactically~*~*~ (outnumbered).
 27439 | Vaults:2 | Received a gift from Okawaru
 27490 | Vaults:2 | 27490 ||| Stepping ~*~*~tactically~*~*~ (outnumbered).
 27498 | Vaults:2 | 27498 ||| INVOKING Heroism.
 27588 | Vaults:2 | Noticed Boris
 27591 | Vaults:2 | 27591 ||| FLEEEEING.
 27592 | Vaults:2 | 27592 ||| FLEEEEING.
 27601 | Vaults:2 | Reached XP level 19. HP: 120/136 MP: 26/26
 27639 | Vaults:2 | Killed Boris
 27639 | Vaults:2 | Identified the +4 plate armour of the Trout {rElec SInv}
                  | (Okawaru gifted it to you on level 2 of the Vaults)
 27639 | Vaults:2 | Received a gift from Okawaru
 27856 | Vaults:2 | 27856 ||| INVOKING Heroism.
 27864 | Vaults:2 | HP: 22/136 [war gargoyle/spray of metal splinters[a
                  | peacekeeper] (19)]
 27865 | Vaults:2 | 27865 ||| READING 6 scrolls of teleportation.
 27866 | Vaults:2 | 27866 ||| DRINKING 4 potions of heal wounds.
 28083 | Vaults:2 | 28083 ||| Stepping ~*~*~tactically~*~*~ (outnumbered).
 28097 | Vaults:2 | Reached skill level 21 in Fighting
 28204 | Vaults:2 | Noticed a bone dragon
 28232 | Vaults:2 | Killed a bone dragon
 28265 | Vaults:2 | Found a staircase to the Crypt.
 28492 | Vaults:2 | 28492 ||| INVOKING Heroism.
 28493 | Vaults:2 | 28493 ||| Stepping ~*~*~tactically~*~*~ (outnumbered).
 28565 | Vaults:2 | 28565 ||| FLEEEEING.
 28582 | Vaults:2 | 28582 ||| INVOKING Heroism.
 28583 | Vaults:2 | 28583 ||| INVOKING Finesse.
 28584 | Vaults:2 | 28584 ||| Stepping ~*~*~tactically~*~*~ (outnumbered).
 28837 | Vaults:2 | 28837 ||| DROPPING +2 pair of boots of stealth.
 28998 | Vaults:3 | Received a gift from Okawaru
 29061 | Vaults:3 | 29061 ||| DROPPING +1 longbow of freezing.
 29319 | Vaults:3 | 29319 ||| INVOKING Heroism.
 29388 | Vaults:3 | 29388 ||| Stepping ~*~*~tactically~*~*~ (outnumbered).
 29390 | Vaults:3 | 29390 ||| Stepping ~*~*~tactically~*~*~ (outnumbered).
 29593 | Vaults:3 | 29593 ||| Stepping ~*~*~tactically~*~*~ (outnumbered).
 29595 | Vaults:3 | 29595 ||| Stepping ~*~*~tactically~*~*~ (outnumbered).
 29651 | Vaults:3 | Identified the +1 robe "Dadgheh" {Str+3} (Okawaru gifted it
                  | to you on level 3 of the Vaults)
 29651 | Vaults:3 | Received a gift from Okawaru
 29824 | Vaults:3 | Identified the +6 chain mail of Bouwiteon {rPois Stlth+}
 30264 | Vaults:4 | 30264 ||| STAIRDANCE
 30266 | Vaults:3 | 30266 ||| INVOKING Heroism.
 30274 | Vaults:3 | Reached skill level 22 in Fighting
 30379 | Vaults:4 | 30379 ||| INVOKING Heroism.
 30380 | Vaults:4 | 30380 ||| INVOKING Finesse.
 30433 | Vaults:4 | 30433 ||| Stepping ~*~*~tactically~*~*~ (outnumbered).
 30435 | Vaults:4 | 30435 ||| Stepping ~*~*~tactically~*~*~ (outnumbered).
 30439 | Vaults:4 | 30439 ||| Stepping ~*~*~tactically~*~*~ (outnumbered).
 30443 | Vaults:4 | 30443 ||| Stepping ~*~*~tactically~*~*~ (outnumbered).
 30447 | Vaults:4 | 30447 ||| Stepping ~*~*~tactically~*~*~ (outnumbered).
 30464 | Vaults:4 | 30464 ||| FLEEEEING.
 30465 | Vaults:4 | 30465 ||| FLEEEEING.
 30466 | Vaults:4 | 30466 ||| FLEEEEING.
 30467 | Vaults:4 | 30467 ||| FLEEEEING.
 30468 | Vaults:4 | 30468 ||| FLEEEEING.
 30469 | Vaults:4 | 30469 ||| FLEEEEING.
 30470 | Vaults:4 | 30470 ||| FLEEEEING.
 30471 | Vaults:4 | 30471 ||| FLEEEEING.
 30472 | Vaults:4 | 30472 ||| FLEEEEING.
 30479 | Vaults:4 | 30479 ||| FLEEEEING.
 30480 | Vaults:4 | 30480 ||| FLEEEEING.
 30481 | Vaults:4 | 30481 ||| FLEEEEING.
 30482 | Vaults:4 | 30482 ||| FLEEEEING.
 30528 | Vaults:4 | 30528 ||| Stepping ~*~*~tactically~*~*~ (outnumbered).
 30530 | Vaults:4 | 30530 ||| Stepping ~*~*~tactically~*~*~ (outnumbered).
 30532 | Vaults:4 | 30532 ||| Stepping ~*~*~tactically~*~*~ (outnumbered).
 30533 | Vaults:4 | 30533 ||| Stepping ~*~*~tactically~*~*~ (outnumbered).
 30535 | Vaults:4 | 30535 ||| Stepping ~*~*~tactically~*~*~ (outnumbered).
 30589 | Vaults:4 | Reached XP level 20. HP: 145/145 MP: 27/27
 31019 | Vaults:4 | Found Ceom's Book Shoppe.
 31038 | Vaults:4 | Noticed Boris
 31039 | Vaults:4 | 31039 ||| INVOKING Heroism.
 31040 | Vaults:4 | 31040 ||| INVOKING Finesse.
 31052 | Vaults:4 | HP: 19/145 [disintegration (56)]
 31053 | Vaults:4 | 31053 ||| READING 6 scrolls of teleportation.
 31054 | Vaults:4 | 31054 ||| DRINKING 3 potions of heal wounds.
 31055 | Vaults:4 | 31055 ||| DRINKING 2 potions of heal wounds.
 31057 | Vaults:4 | 31057 ||| FLEEEEING.
 31069 | Vaults:4 | 31069 ||| Stepping randomly (disturbance).
 31070 | Vaults:4 | 31070 ||| Stepping randomly (disturbance).
 31071 | Vaults:4 | 31071 ||| Stepping randomly (disturbance).
 31072 | Vaults:4 | 31072 ||| Stepping randomly (disturbance).
 31073 | Vaults:4 | 31073 ||| Stepping randomly (disturbance).
 31079 | Vaults:4 | Killed Boris
 31095 | Vaults:4 | 31095 ||| INVOKING Heroism.
 31299 | Vaults:4 | Received a gift from Okawaru
 31318 | Vaults:4 | Noticed Zenata
 31319 | Vaults:4 | 31319 ||| INVOKING Heroism.
 31320 | Vaults:4 | 31320 ||| INVOKING Finesse.
 31336 | Vaults:4 | Killed Zenata
 31657 | Vaults:4 | 31657 ||| INVOKING Heroism.
 31831 | Vaults:4 | Reached skill level 23 in Fighting
 31908 | Vaults:4 | 31908 ||| PLANNING SNAKE:4
 32245 | Snake:4  | Entered Level 4 of the Snake Pit
 32354 | Snake:4  | 32354 ||| FLEEEEING.
 32499 | Snake:4  | Noticed Vashnia
 32522 | Snake:4  | 32522 ||| FLEEEEING.
 32523 | Snake:4  | 32523 ||| FLEEEEING.
 32524 | Snake:4  | 32524 ||| FLEEEEING.
 32529 | Snake:4  | 32529 ||| FLEEEEING.
 32530 | Snake:4  | 32530 ||| FLEEEEING.
 32531 | Snake:4  | 32531 ||| FLEEEEING.
 32533 | Snake:4  | 32533 ||| FLEEEEING.
 32537 | Snake:4  | 32537 ||| FLEEEEING.
 32538 | Snake:4  | 32538 ||| FLEEEEING.
 32539 | Snake:4  | 32539 ||| FLEEEEING.
 32540 | Snake:4  | 32540 ||| FLEEEEING.
 32542 | Snake:4  | 32542 ||| FLEEEEING.
 32546 | Snake:4  | Killed Vashnia
 32630 | Snake:4  | 32630 ||| Stepping ~*~*~tactically~*~*~ (outnumbered).
 32644 | Snake:4  | 32644 ||| INVOKING Heroism.
 32656 | Snake:4  | HP: 32/148 [salamander/+3 trident (6)]
 32657 | Snake:4  | 32657 ||| READING 7 scrolls of teleportation.
 32658 | Snake:4  | 32658 ||| DRINKING potion of heal wounds.
 32667 | Snake:4  | 32667 ||| Stepping ~*~*~tactically~*~*~ (outnumbered).
 32713 | Snake:4  | 32713 ||| INVOKING Heroism.
 32718 | Snake:4  | Reached skill level 15 in Dodging
 32769 | Snake:4  | 32769 ||| Stepping ~*~*~tactically~*~*~ (outnumbered).
 32841 | Snake:4  | Identified the +0 hat "Alos" {Contam rN+++ Int+4 Stlth-}
                  | (Okawaru gifted it to you on level 4 of the Snake Pit)
 32841 | Snake:4  | Received a gift from Okawaru
 32974 | Snake:4  | 32974 ||| Stepping ~*~*~tactically~*~*~ (outnumbered).
 32979 | Snake:4  | 32979 ||| Stepping ~*~*~tactically~*~*~ (outnumbered).
 33046 | Snake:4  | Got a serpentine rune of Zot
 33089 | Snake:4  | Noticed Mara
 33095 | Snake:4  | 33095 ||| INVOKING Heroism.
 33102 | Snake:4  | 33102 ||| INVOKING Finesse.
 33117 | Snake:4  | Killed Mara
 33183 | Snake:4  | 33183 ||| Stepping ~*~*~tactically~*~*~ (outnumbered).
 33189 | Snake:4  | 33189 ||| Stepping ~*~*~tactically~*~*~ (outnumbered).
 33213 | Snake:4  | 33213 ||| INVOKING Heroism.
 33313 | Snake:4  | 33313 ||| FLEEEEING.
 33319 | Snake:4  | 33319 ||| FLEEEEING.
 33320 | Snake:4  | 33320 ||| FLEEEEING.
 33321 | Snake:4  | 33321 ||| FLEEEEING.
 33341 | Snake:4  | Reached XP level 21. HP: 155/155 MP: 28/28
 33392 | Snake:4  | Identified the ring of Jyff {rC+ Str+2 Int+2}
 33393 | Snake:4  | 33393 ||| Stepping ~*~*~tactically~*~*~ (outnumbered).
 33397 | Snake:4  | 33397 ||| Stepping ~*~*~tactically~*~*~ (outnumbered).
 33405 | Snake:4  | 33405 ||| Stepping ~*~*~tactically~*~*~ (outnumbered).
 33657 | Snake:4  | 33657 ||| PLANNING DEPTHS
 33657 | Snake:4  | 33657 ||| DROPPING +0 hat "Alos" {Contam rN+++ Int+4
                  | Stlth-}.
 33658 | Snake:4  | 33658 ||| DROPPING +2 pair of gloves.
 33659 | Snake:4  | 33659 ||| DROPPING ring of protection from cold.
 33889 | Depths:1 | Entered Level 1 of the Depths
 33892 | Depths:1 | 33892 ||| STAIRDANCE
 33964 | Depths:1 | 33964 ||| INVOKING Heroism.
 33978 | Depths:1 | HP: 23/155 [hell knight/+4 broad axe (20)]
 33979 | Depths:1 | 33979 ||| READING 6 scrolls of teleportation.
 33986 | Depths:1 | 33986 ||| READING 5 scrolls of teleportation.
 33990 | Depths:1 | 33990 ||| READING 4 scrolls of teleportation.
 33997 | Depths:1 | 33997 ||| READING 3 scrolls of teleportation.
 33997 | Depths:1 | HP: 4/155 [stone giant/large rock (31)]
 34033 | Depths:1 | 34033 ||| INVOKING Heroism.
 34043 | Depths:1 | HP: 36/155 [deep troll earth mage (15)]
 34044 | Depths:1 | 34044 ||| READING 2 scrolls of teleportation.
 34178 | Depths:1 | 34178 ||| Stepping ~*~*~tactically~*~*~ (outnumbered).
 34180 | Depths:1 | 34180 ||| Stepping ~*~*~tactically~*~*~ (outnumbered).
 34234 | Depths:1 | 34234 ||| INVOKING Heroism.
 34235 | Depths:1 | 34235 ||| INVOKING Finesse.
 34365 | Depths:1 | Found a gateway to Hell.
 34440 | Depths:1 | Identified the +2 robe "Guqoetha" {Harm rElec Str-5}
 34545 | Depths:1 | Reached skill level 24 in Fighting
 34546 | Depths:1 | Received a gift from Okawaru
 34635 | Depths:1 | 34635 ||| INVOKING Heroism.
 34703 | Depths:1 | 34703 ||| INVOKING Heroism.
 34704 | Depths:1 | 34704 ||| INVOKING Finesse.
 34836 | Depths:1 | Found a one-way gate leading to the halls of Pandemonium.
 35042 | Depths:1 | 35042 ||| INVOKING Finesse.
 35104 | Depths:1 | 35104 ||| READING 18 scrolls of identify.
 35104 | Depths:1 | 35104 ||| IDENTIFYING sapphire potion
 35138 | Depths:2 | 35138 ||| STAIRDANCE
 35154 | Depths:2 | 35154 ||| STAIRDANCE
 35211 | Depths:2 | 35211 ||| STAIRDANCE
 35214 | Depths:1 | Reached skill level 15 in Armour
 35286 | Depths:2 | 35286 ||| Stepping ~*~*~tactically~*~*~ (outnumbered).
 35418 | Depths:2 | Noticed the Enchantress
 35419 | Depths:2 | 35419 ||| INVOKING Heroism.
 35420 | Depths:2 | 35420 ||| INVOKING Finesse.
 35456 | Depths:2 | HP: 36/156 [suicidal targeting (25)]
 35457 | Depths:2 | 35457 ||| READING scroll of teleportation.
 35458 | Depths:2 | HP: 17/156 [spriggan defender/+2 spectral lajatang[the
                  | Enchantress] (22)]
 35458 | Depths:2 | HP: 1/156 [spriggan defender/+4 rapier of speed[the
                  | Enchantress] (16)]
 35460 | Depths:2 | Slain by a spriggan defender

Levels and vault maps discovered:
D:1:      dpeg_arrival_short_road, layout_loops_ring
D:2:      layout_basic, serial_shops, nicolae_shop_tiny_statue_garden, shop
D:3:      layout_basic, portal_sewer_entry_d, minmay_misc_feat_chi, st_stairs_4,
          uniq_ijyb
D:4:      layout_rooms, grunt_temple_overflow_growth_and_decay,
          nicolae_overflows_in_rows, eino_curves_01, uniq_menkaure,
          uniq_blork_the_orc
D:5:      layout_basic, grunt_ministairs_14
D:6:      layout_basic, minmay_temple_entry_mini_moons, minivault_26
D:7:      layout_basic
D:8:      layout_loops_ring, mainiacjoe_overflow_chevrons
D:9:      layout_cave_pools, lemuel_round_altar, hiddenorc2_lemuel, special_room
          [special_room_orc], serial_shops, nicolae_shop_gibbet_a_chance
D:10:     layout_small_grid
D:11:     layout_roguey, dpeg_lair_monsters, nrook_guardian_serpent_ordinary,
          uniq_fannar
D:12:     layout_long_grid, trog_ov_bears_minmay
D:13:     layout_loops_corners
D:14:     layout_rooms, ximxim_vaults_locker_room, kiku_gazebo_pond_becter
D:15:     hangedman_depths_entry_try_elsewhere_first, layout_small_grid,
          nemelex_diamond_rough_becter, minivault_13
Temple:   hellmonk_temple_micro_hex
Lair:1:   layout_gridlike, nicolae_volcano_entry_batcave, minivault_19,
          hangedman_tree_tricks
Lair:2:   layout_regular_city, minmay_shoals_entry_beasts,
          guppyfry_snake_entry_island, gammafunk_ghost_abyssal_escape,
          hellmonk_guarded_unrand_seven_league_boots, uniq_amaemon
Lair:3:   layout_roguey, ebering_ghost_disaster_area, pf_torpor_hydra,
          lemuel_fruit_fields, serial_bayou_shore_b, lemuel_fruit_tree
Lair:4:   layout_long_grid, minmay_slime_entry_pillars, special_room
          [special_room_bee], portal_ice_cave_demonic_guard
Lair:5:   evilmike_catoblepas_cave, layout_cave_pods,
          nicolae_quartered_pool_medium, lemuel_fruit_fields, uniq_rupert,
          uniq_nessos
Shoals:1: cheibrodos_shoals_baths, layout_shoals, ebering_ghost_davey_jones,
          serial_shops, shop
Shoals:2: layout_shoals, serial_shops, nicolae_diamond_shop,
          nicolae_shoals_circle_sea_wall, lightli_airlock, uniq_kirke
Shoals:3: layout_shoals, nicolae_alphabet_shops
Shoals:4: shoals_end_hellmonk_storm_palace [storm_palace_center_ruins,
          storm_palace_corner_reverse_hut, storm_palace_corner_blocked,
          storm_palace_corner_pillars, storm_palace_corner_reverse_hut]
Snake:1:  kennysheep_six_static_rooms, layout_chambers, basic_altar,
          grunt_megastairs_1
Snake:2:  layout_honeycomb, serial_bayou_shore_a
Snake:3:  layout_onion_interference, nicolae_coiled_stairwell_down
Snake:4:  grunt_snake_rune_spirals, layout_onion_interference, uniq_mara,
          uniq_vashnia
Orc:1:    nicolae_orc_accident_3, layout_caves, nicolae_orc_bridge_out,
          david_defended_altar_orc
Orc:2:    st_orc_elflike, layout_caves, ebering_ghost_xom, uniq_azrael
Vaults:1: v_rooms_4, nicolae_vaults_closet_pinwheel_3, ontoclasm_vaults_hangar,
          nicolae_vaults_swerve, v_misc_11, vaults_room_grunt_arrival_ludios,
          nicolae_vaults_sightless_eye, nicolae_vaults_house_2, v_alt_pattern_5,
          nicolae_vaults_oval_intersection, ontoclasm_vaults_gallery,
          nicolae_vaults_diamond_2, layout_vaults_ring
Vaults:2: v_misc_5, minmay_crypt_entry_nasty_monster,
          nicolae_vaults_ring_of_whatevers, nicolae_vaults_house_3,
          v_alt_pattern_1, nicolae_vaults_house_3, hangedman_vaults_variations,
          v_misc_5, nicolae_vaults_library_corner, nicolae_vaults_network_star,
          vaults_room_semicircle, nicolae_vaults_network_barrier,
          nicolae_vaults_border_crossing, nicolae_vaults_specimen_jars,
          layout_vaults_omnibox, uniq_boris
Vaults:3: nicolae_vaults_sesquioval_fish, vaults_room_hallway,
          nicolae_vaults_heart-shaped_vault, v_misc_13, vaults_room_octagon,
          nicolae_vaults_tangram_2, nicolae_vaults_door_testing_chamber,
          v_misc_30, v_rooms_5, hangedman_vaults_locks,
          ontoclasm_vaults_loading_screen, nicolae_vaults_tetromino_L_1,
          layout_vaults_big_cross
Vaults:4: vaults_room_semicircle, vaults_standard_mumra_x,
          nicolae_vaults_six-pack, nicolae_vaults_two_Ls,
          nicolae_vaults_closet_pinwheel_6, nicolae_vaults_shelves_hall,
          layout_vaults_omnigrid, serial_shops, shop, uniq_zenata
Depths:1: layout_twisted_cross, roderic_lattice_octagonal_star,
          lightli_too_deep, pan_entry, kennysheep_generic_room_6
Depths:2: kennysheep_room_grid, layout_cave_pools, rand_demon_pan_entry_4,
          hell_entry, kennysheep_nub, kennysheep_pointless_box,
          minmay_misc_feat_four_crosses, minmay_metal_thing,
          minmay_staircase_windowed_large, firewood_loft, serial_bayou_shore_b,
          uniq_enchantress

Skill      XL: |  1  2  3  4  5  6  7  8  9 10 11 12 13 14 15 16 17 18 19 20 21 |
---------------+----------------------------------------------------------------+-----
Ranged Weapons | 5 6 7 8 9 11 13 14 15 16 18 20 | 20.0
Armour         | 2 3 4 5 7 8 10 11 12 13 14 15 | 15.0
Fighting       | 3 4 6 7 8 9 10 13 14 16 19 20 22 23 24 | 24.4
Dodging        | 2 3 4 5 7 8 9 10 11 13 14 15 16 | 16.0
Invocations    | 4 8 10 | 10.0
Stealth        | |  1.1

Action                     |  1- 3 |  4- 6 |  7- 9 | 10-12 | 13-15 | 16-18 | 19-21 || total
---------------------------+-------+-------+-------+-------+-------+-------+-------++-------
   Fire: Shortbow          |    71 |   117 |       |       |       |       |       ||   188
         Orcbow            |       |       |   316 |   716 |   514 |       |       ||  1546
         Longbow           |       |       |       |       |   824 |  1800 |  2110 ||  4734
 Invoke: Heroism           |       |       |     4 |    23 |    22 |    37 |    20 ||   106
         Finesse           |       |       |       |     2 |     9 |    11 |     9 ||    31
    Use: Scroll            |     8 |     2 |    12 |     5 |     3 |     7 |    10 ||    47
         Potion            |     2 |     1 |     1 |     1 |     3 |     4 |     4 ||    16
 Armour: Leather armour    |     3 |       |       |       |       |       |       ||     3
         Ring mail         |     3 |    39 |    93 |   186 |   315 |   318 |   585 ||  1539
  Dodge: Dodged            |     7 |    51 |   174 |   543 |  1063 |   892 |  1751 ||  4481

Table legend:
 A = Non-vault XP
 B = Vault XP
 C = Vault XP percentage of total XP
 D = Non-vault monster count
 E = Vault monster count
 F = Vault count percentage of total count
                 A         B        C        D         E       F
            +---------+---------+-------+---------+---------+-------
      Total |  320270 |  239459 |  42.8 |     843 |     447 |  34.7
            +---------+---------+-------+---------+---------+-------
        D:1 |      30 |       0 |   0.0 |      17 |       0 |   0.0
        D:2 |      32 |       0 |   0.0 |      12 |       0 |   0.0
        D:3 |     126 |      55 |  30.4 |      25 |       4 |  13.8
        D:4 |     428 |     269 |  38.6 |      28 |       2 |   6.7
        D:5 |     454 |     128 |  22.0 |      16 |       2 |  11.1
        D:6 |     777 |       0 |   0.0 |       8 |       0 |   0.0
        D:7 |    1150 |       0 |   0.0 |      21 |       0 |   0.0
        D:8 |     832 |       0 |   0.0 |      16 |       0 |   0.0
        D:9 |    1165 |     906 |  43.7 |      16 |      47 |  74.6
       D:10 |    3584 |       0 |   0.0 |      18 |       0 |   0.0
       D:11 |    2465 |    3806 |  60.7 |       9 |       8 |  47.1
       D:12 |    6794 |     559 |   7.6 |      21 |       2 |   8.7
       D:13 |    3722 |       0 |   0.0 |      14 |       0 |   0.0
       D:14 |   11601 |    3733 |  24.3 |      27 |      12 |  30.8
       D:15 |   12879 |    7596 |  37.1 |      22 |      10 |  31.2
     Lair:1 |    2911 |     606 |  17.2 |      17 |       3 |  15.0
     Lair:2 |    6324 |    4923 |  43.8 |      26 |      12 |  31.6
     Lair:3 |    4327 |       0 |   0.0 |      22 |       0 |   0.0
     Lair:4 |    5611 |    3741 |  40.0 |      15 |      31 |  67.4
     Lair:5 |   15862 |   13356 |  45.7 |      34 |      25 |  42.4
   Shoals:1 |    9130 |    2357 |  20.5 |      14 |       7 |  33.3
   Shoals:2 |   10032 |    1990 |  16.6 |      23 |       4 |  14.8
   Shoals:3 |    7070 |       0 |   0.0 |      18 |       0 |   0.0
   Shoals:4 |   21766 |   30865 |  58.6 |      45 |      54 |  54.5
    Snake:1 |   10792 |    4672 |  30.2 |      24 |      10 |  29.4
    Snake:2 |   10129 |       0 |   0.0 |      20 |       0 |   0.0
    Snake:3 |   14651 |     160 |   1.1 |      28 |       1 |   3.4
    Snake:4 |   21785 |   46885 |  68.3 |      45 |      53 |  54.1
      Orc:1 |    2231 |     877 |  28.2 |      33 |      11 |  25.0
      Orc:2 |    1069 |    9821 |  90.2 |      16 |      30 |  65.2
   Vaults:1 |   16871 |   25036 |  59.7 |      32 |      32 |  50.0
   Vaults:2 |   19337 |   36928 |  65.6 |      32 |      38 |  54.3
   Vaults:3 |   14206 |   20722 |  59.3 |      23 |      27 |  54.0
   Vaults:4 |   29484 |   13803 |  31.9 |      41 |      15 |  26.8
   Depths:1 |   33666 |    5665 |  14.4 |      41 |       7 |  14.6
   Depths:2 |   16977 |       0 |   0.0 |      24 |       0 |   0.0
            +---------+---------+-------+---------+---------+-------
